 Dungeon Crawl Stone Soup version 0.30-a0-989-g0d87f670db (webtiles) character file.

Game seed: 17427728647264788207

37221 2tousent the Unseen (level 14, -8/138 HPs)
             Began as a Kobold Brigand on Apr 3, 2023.
             Was a Believer of Uskayaw.
             Mangled by a seven-headed hydra (12 damage)
             ... on level 5 of the Lair of Beasts.
             The game lasted 00:38:08 (18831 turns).

2tousent the Unseen (Kobold Brigand)               Turns: 18831, Time: 00:38:09

Health: -8/138     AC:  7    Str:  8    XL:     14   Next: 27%
Magic:  21/21      EV: 25    Int: 19    God:    Uskayaw [**....]
Gold:   2972       SH:  0    Dex: 21    Spells: 9/13 levels left

rFire   . . .      SeeInvis +    D - +1 dagger (drain)
rCold   + . .      Faith    +    (no shield)
rNeg    . . .      Spirit   .    C - +1 robe {Will+}
rPois   +          Reflect  .    o - +0 helmet
rElec   .          Rampage  +    c - +0 cloak
rCorr   .                        h - +0 pair of gloves of Pathos {Rampage rC+}
Will    ++...                    x - +0 pair of boots Stlth
                                 I - amulet of faith
HPRegen 0.43/turn                s - ring of poison resistance
MPRegen 0.17/turn                U - ring of Vafisad {Int+6 SInv}

@: berserking, hasted, very quick
A: small, no large weapons, nightstalker 3
a: Renounce Religion, Stomp, Line Pass


You were on level 5 of the Lair of Beasts.
You worshipped Uskayaw.
Uskayaw was aware of your devotion.
You visited 4 branches of the dungeon, and saw 19 of its levels.
You also visited: Sewer and Ossuary.

You collected 2972 gold pieces.

Inventory:

Hand Weapons
 a - a +3 dagger
 w - a +3 dagger
 D - a +1 dagger of draining (weapon)
Missiles
 d - 36 poisoned darts (quivered)
 e - 2 curare-tipped darts
 K - a throwing net
Armour
 b - a +1 robe
 c - a +0 cloak (worn)
 h - the +0 pair of gloves of Pathos (worn) {Rampage rC+}
   (You found it on level 11 of the Dungeon)

   rC:        It protects you from cold.
   Rampage:   It bestows one free step when moving towards enemies.
 o - a +0 helmet (worn)
 x - a +0 pair of boots (worn)
 C - a +1 robe of willpower (worn)
Jewellery
 s - a ring of poison resistance (left hand)
 t - a ring of magical power
 E - a ring of see invisible
 F - a ring of fire
 I - an amulet of faith (around neck)
 J - a +6 ring of intelligence
 O - a ring of willpower
 P - a ring of resist corrosion
 R - a ring of positive energy
 U - the ring of Vafisad (right hand) {Int+6 SInv}
   (You found it on level 12 of the Dungeon)

   [ring of intelligence]

   Int:       It affects your intelligence (+6).
   SInv:      It lets you see invisible.
 W - a ring of flight
 Z - an amulet of reflection
Wands
 g - a wand of roots (19)
 y - a wand of flame (19)
 G - a wand of mindburst (4)
 M - a wand of digging (9)
 Q - a wand of charming (6)
Scrolls
 i - 3 scrolls of fog
 j - 5 scrolls of teleportation
 m - a scroll of silence
 n - 5 scrolls of enchant weapon
 q - a scroll of blinking
 u - 3 scrolls of vulnerability
 A - a scroll of enchant armour
 B - 5 scrolls of identify
 H - 5 scrolls of magic mapping
 N - a scroll of amnesia
 V - a scroll of fear
Potions
 f - 4 potions of brilliance
 k - 7 potions of curing
 l - 3 potions of lignification
 p - 3 potions of degeneration
 r - 10 potions of attraction {unknown}
 v - a potion of resistance
 z - a potion of cancellation
 L - a potion of mutation {unknown}
 S - a potion of haste
 T - a potion of berserk rage
 Y - a potion of flight {unknown}


   Skills:
 + Level 12.3 Fighting
 - Level 10.0 Short Blades
 - Level 5.1 Throwing
 + Level 12.7 Dodging
 + Level 17.6 Stealth
 - Level 5.5 Necromancy
 - Level 10.0 Invocations


You had 9 spell levels left.
You knew the following spells:

 Your Spells              Type           Power      Damage    Failure   Level
a - Animate Dead          Necr           20%        N/A       22%         4

Your spell library contained the following spells:

 Spells                   Type           Power      Damage    Failure   Level
 Necrotise                Necr           80%        1d8       2%          1
 Sublimation of Blood     Necr           20%        N/A       3%          2
 Vampiric Draining        Necr           20%        2d7       6%          3
 Cigotuvi's Dreadful Rot  Necr/Pois/Air  12%        N/A       14%         2
 Magic Dart               Conj           0%         1d3       21%         1
 Dispel Undead            Necr           20%        3d11      22%         4
 Lesser Beckoning         Tloc           0%         N/A       30%         2
 Poisonous Vapours        Pois/Air       0%         N/A       30%         2
 Searing Ray              Conj           0%         2d4       30%         2
 Gell's Gravitas          Tloc           0%         N/A       52%         3
 Mephitic Cloud           Conj/Pois/Air  0%         N/A       52%         3
 Ozocubu's Armour         Ice            0%         N/A       52%         3
 Stone Arrow              Conj/Erth      0%         3d7       52%         3
 Teleport Other           Tloc           0%         N/A       52%         3
 Agony                    Necr           20%        N/A       52%         5
 Fulminant Prism          Conj/Hex       0%         3d5       90%         4
 Petrify                  Tmut/Erth      0%         N/A       90%         4
 Death Channel            Necr           10%        N/A       97%         6
 Irradiate                Conj/Tmut      0%         3d11      99%         5
 Metabolic Englaciation   Hex/Ice        0%         N/A       99%         5
 Dispersal                Tloc           0%         N/A       100%        6
 Simulacrum               Ice/Necr       5%         N/A       100%        6
 Necromutation            Tmut/Necr      5%         N/A       100%        8


Dungeon Overview and Level Annotations

Branches:
Dungeon (12/15)            Temple (1/1) D:4            Lair (5/5) D:10
  Swamp (0/4) Lair:2        Snake (0/4) Lair:2        Slime (0/5) Lair:4
    Orc (1/2) D:12          Sewer (visited)         Ossuary (visited)

Altars:
Ashenzari
Cheibriados
Dithmenos
Elyvilon
Fedhas
Gozag
Hepliaklqana
Kikubaaqudgha
Makhleb
Nemelex Xobeh
Okawaru
Qazlal
Ru
Sif Muna
Trog
Uskayaw
Vehumet
Wu Jian
Xom
Yredelemnul
Zin
The Shining One

Shops:
D:4 *   D:6 :

Portals:
Trove: D:12 (give 2 scrolls of acquirement)


Innate Abilities, Weirdness & Mutations

You are small and have problems with some larger weapons.
You are completely attuned to the shadows.


Message History

You can now pass through a line of other dancers.
You puncture the eight-headed hydra! You drain the eight-headed hydra.
The eight-headed hydra is heavily wounded.
You puncture the eight-headed hydra!
The eight-headed hydra is severely wounded.
The eight-headed hydra closely misses you. x2
The eight-headed hydra bites you but does no damage.
The eight-headed hydra barely misses you.
The eight-headed hydra closely misses you.
The eight-headed hydra bites you.
* * * LOW HITPOINT WARNING * * *
The eight-headed hydra completely misses you.
The eight-headed hydra misses you.
The death yak is engulfed in poison gas.
The death yak looks as sick as possible!
The death yak is engulfed in poison gas.
The death yak looks even sicker.
The death yak is engulfed in poison gas.
The death yak looks as sick as possible!
The death yak misses you.
You puncture the eight-headed hydra!
The eight-headed hydra is severely wounded.
Unknown command.
Okay, then.
You hit the eight-headed hydra. You drain the eight-headed hydra.
The eight-headed hydra is almost dead.
The eight-headed hydra bites you!
* * * LOW HITPOINT WARNING * * *
The eight-headed hydra misses you.
The eight-headed hydra completely misses you.
The eight-headed hydra bites you.
* * * LOW HITPOINT WARNING * * *
The eight-headed hydra bites you.
* * * LOW HITPOINT WARNING * * *
The eight-headed hydra misses you.
The eight-headed hydra completely misses you.
The eight-headed hydra bites you!
* * * LOW HITPOINT WARNING * * *
The seven-headed hydra bites you!
You die...

#..|..##
##.....##
#.......#
#P.....##
#.§○§§○##
##§○☼§○○#
#§§§☼§##
☼§☼D§#
§☼YY@#
☼§☼YD#
§§§§Y§
...☼☼P#
○.§§○##


You could see 4 death yaks, an eight-headed hydra (drained) and a seven-headed
hydra.

Vanquished Creatures
  Snorg (D:11)
  2 boulder beetles (D:12)
  A catoblepas (Lair:4)
  A two-headed ogre (D:8)
  7 death yaks
  2 cyclopes (D:11)
  12 elephants
  A black mamba (Lair:4)
  5 cane toads
  4 kobold demonologists
  6 komodo dragons
  2 trolls (D:11)
  A polar bear (Lair:4)
  14 blink frogs
  Sigmund (D:2)
  6 slime creatures
  5 wyverns
  2 wraiths
  2 vampires
  3 basilisks
  36 yaks
  4 vampire mosquitoes (D:12)
  Grum (D:11)
  3 nagas (Lair:2)
  An acid dragon (D:10)
  11 water moccasins
  An ice beast (D:5)
  Pargi (Sewer)
  6 orc warriors
  4 black bears
  A sky beast (D:7)
  3 ogres
  18 wolves
  11 centaurs
  A phantom (D:5)
  5 kobold brigands
  4 elf zombies (Ossuary)
  8 bullfrogs
  4 scorpions
  2 elf skeletons (D:5)
  3 wights (D:6)
  9 killer bees
  2 electric eels (Lair:2)
  5 howler monkeys
  A jelly (Lair:4)
  3 hounds
  A human zombie (Ossuary)
  3 orc priests
  2 gnoll boudas (D:7)
  3 iguanas
  16 orc wizards
  2 human skeletons (D:5)
  3 sleepcaps
  5 hell rats (Lair:4)
  2 mummies (Ossuary)
  8 gnolls (D:7)
  13 adders
  2 river rats (D:5)
  4 shadow imps
  3 white imps
  An ufetubus (D:6)
  5 worms
  3 dart slugs
  50 orcs
  6 ball pythons
  4 bats
  8 endoplasms
  2 giant cockroaches
  8 goblins
  11 hobgoblins
  2 quokkas
  4 frilled lizards
  2 goblin skeletons (D:5)
  6 goblin zombies
  14 hobgoblin zombies
  A jackal zombie (Ossuary)
  15 kobolds
  11 kobold zombies
  2 orc skeletons (D:5)
  9 orc zombies
  8 rats
465 creatures vanquished.

Vanquished Creatures (others)
  7 fungi
  29 plants
36 creatures vanquished.

Grand Total: 501 creatures vanquished

Notes
Turn   | Place    | Note
-------+----------+-------------------------------------------
     0 | D:1      | 2tousent the Kobold Brigand began the quest for the Orb.
     0 | D:1      | Reached XP level 1. HP: 12/12 MP: 1/1
    85 | D:1      | Reached XP level 2. HP: 17/17 MP: 2/2
   589 | D:2      | Found a glowing silver altar of Zin.
   658 | D:2      | Reached XP level 3. HP: 22/22 MP: 3/3
   737 | D:2      | Noticed Sigmund
   740 | D:2      | Killed Sigmund
   741 | D:2      | Reached skill level 6 in Stealth
   741 | D:2      | Reached XP level 4. HP: 28/28 MP: 4/4
   741 | D:2      | Reached XP level 5. HP: 32/32 MP: 5/5
   741 | D:2      | Reached XP level 6. HP: 37/37 MP: 6/6
  1063 | D:2      | Got the Octavo of Mortuary Geomancy
  1165 | D:2      | Reached skill level 5 in Short Blades
  1610 | D:3      | Found an ornate altar of the Wu Jian Council.
  1856 | D:3      | Found a stormy altar of Qazlal.
  2764 | D:4      | Reached XP level 7. HP: 29/41 MP: 7/7
  2873 | D:4      | Found Jyjohaap's Serpentskin Sales.
  2873 | D:4      | Noticed a water moccasin
  2875 | D:4      | Killed a water moccasin
  3277 | D:4      | Reached skill level 7 in Stealth
  3284 | D:4      | Found a staircase to the Ecumenical Temple.
  3291 | Temple   | Entered the Ecumenical Temple
  3438 | D:4      | Found a hide-covered altar of Uskayaw.
  3446 | D:4      | Became a worshipper of Uskayaw the Reveller
  3449 | D:4      | Found a hazy altar of Hepliaklqana.
  3451 | D:4      | Found a shimmering blue altar of Sif Muna.
  3452 | D:4      | Found a burning altar of Makhleb.
  3457 | D:4      | Found a shimmering altar of Xom.
  3491 | D:5      | Entered Level 5 of the Dungeon
  3600 | D:5      | Reached * piety under Uskayaw
  3601 | D:5      | Reached XP level 8. HP: 30/46 MP: 8/8
  3606 | D:5      | Found a sand-covered staircase.
  3611 | Ossuary  | Entered an ossuary
  3714 | Ossuary  | Reached ** piety under Uskayaw
  3839 | Ossuary  | Reached *** piety under Uskayaw
  3857 | Ossuary  | Reached **** piety under Uskayaw
  3876 | Ossuary  | Reached ***** piety under Uskayaw
  3888 | Ossuary  | Reached skill level 5 in Dodging
  3930 | Ossuary  | Reached skill level 8 in Stealth
  4283 | D:5      | Found a glowing drain.
  4290 | Sewer    | Entered a sewer
  4458 | Sewer    | Noticed Pargi
  4460 | Sewer    | Killed Pargi
  4461 | Sewer    | Reached skill level 5 in Throwing
  4688 | D:5      | Reached skill level 1 in Invocations
  4688 | D:5      | Reached XP level 9. HP: 24/52 MP: 9/9
  4871 | D:5      | Found a glowing golden altar of the Shining One.
  4966 | D:5      | Found a shadowy altar of Dithmenos.
  5110 | D:5      | Found a glowing silver altar of Zin.
  5487 | D:5      | Reached skill level 9 in Stealth
  5612 | D:5      | Found a white marble altar of Elyvilon.
  5737 | D:5      | Reached skill level 10 in Short Blades
  5964 | D:6      | Identified a scroll of acquirement
  5964 | D:6      | Acquired 1150 gold pieces
  5973 | D:6      | Found a radiant altar of Vehumet.
  6058 | D:6      | Reached skill level 5 in Fighting
  6063 | D:6      | Learned a level 4 spell: Animate Dead
  6169 | D:6      | Found an iron altar of Okawaru.
  6174 | D:6      | Reached skill level 1 in Necromancy
  6226 | D:6      | Reached skill level 10 in Stealth
  6272 | D:6      | Found Agayxiv's Tremendous Tomes.
  6371 | D:6      | Reached XP level 10. HP: 46/60 MP: 12/12
  6681 | D:6      | Found a bloodstained altar of Trog.
  8098 | D:8      | Reached skill level 11 in Stealth
  8493 | D:8      | Noticed a two-headed ogre
  8511 | D:8      | Killed a two-headed ogre
  8512 | D:8      | Reached skill level 12 in Stealth
  8512 | D:8      | Reached skill level 5 in Necromancy
  8512 | D:8      | Reached XP level 11. HP: 38/67 MP: 13/13
 10059 | D:9      | Found a sacrificial altar of Ru.
 10394 | D:10     | Entered Level 10 of the Dungeon
 10543 | D:10     | Noticed an elephant
 10550 | D:10     | Reached skill level 13 in Stealth
 10573 | D:10     | Reached ****** piety under Uskayaw
 10578 | D:10     | Killed an elephant
 10909 | D:10     | Found a staircase to the Lair.
 11152 | D:10     | Reached skill level 5 in Invocations
 11164 | D:10     | Reached XP level 12. HP: 32/76 MP: 12/15
 11644 | D:11     | Noticed Grum
 11648 | D:11     | Killed Grum
 11686 | D:11     | Reached skill level 10 in Dodging
 11724 | D:11     | Reached skill level 14 in Stealth
 11897 | D:11     | Identified the +0 pair of gloves of Pathos {Rampage rC+}
 11979 | D:11     | Noticed Snorg
 11982 | D:11     | Killed Snorg
 12623 | D:12     | Reached skill level 10 in Fighting
 12692 | D:12     | Identified the ring of Vafisad {Int+6 SInv}
 12849 | D:12     | Noticed a boulder beetle
 12851 | D:12     | Killed a boulder beetle
 12891 | D:12     | Found a staircase to the Orcish Mines.
 13070 | D:12     | HP: 3/77 [wraith (7)]
 13349 | D:12     | Acquired 629 gold pieces
 13450 | D:12     | Noticed a boulder beetle
 13453 | D:12     | Killed a boulder beetle
 13454 | D:12     | Reached skill level 15 in Stealth
 13644 | D:12     | Found a portal to a secret trove of treasure.
 13942 | Orc:1    | Entered Level 1 of the Orcish Mines
 14015 | Lair:1   | Entered Level 1 of the Lair of Beasts
 14345 | Lair:1   | Reached XP level 13. HP: 54/82 MP: 12/19
 14760 | Lair:1   | Reached skill level 16 in Stealth
 15732 | Lair:2   | Found a staircase to the Swamp.
 16029 | Lair:2   | Noticed an eight-headed hydra
 16113 | Lair:2   | Found a staircase to the Snake Pit.
 16845 | Lair:3   | Identified the +0 chain mail "Luuqeofy" {Will++}
 17580 | Lair:4   | Reached skill level 17 in Stealth
 17615 | Lair:4   | Reached skill level 10 in Invocations
 17616 | Lair:4   | Reached XP level 14. HP: 91/91 MP: 21/21
 18249 | Lair:4   | Found a staircase to the Slime Pits.
 18308 | Lair:4   | Identified the +1 chain mail of Action {Will+}
 18742 | Lair:5   | Entered Level 5 of the Lair of Beasts
 18831 | Lair:5   | HP: 4/138 [eight-headed hydra (8)]
 18831 | Lair:5   | Mangled by a seven-headed hydra

Illustrated notes

Levels and vault maps discovered:
D:1:      grunt_arrival_crossed_arrows, layout_rooms
D:2:      layout_loops_corners, basic_altar, minmay_fountain_box, uniq_sigmund
D:3:      layout_loops_ring, nicolae_wu_jian_wuxing_cycle,
          mainiacjoe_overflow_boulevard
D:4:      layout_loops_ring, chequers_temple_overflow_minitemple,
          minmay_temple_entry_enclosed_plants, guppyfry_shop_venom
D:5:      layout_gridville, mainiacjoe_overflow_concentric_impassable,
          nicolae_tso_besieged_by_evil, zin_scriptorium, lemuel_doored_altar,
          nicolae_ossuary_entry_catacombs, lightli_sewer_entry_pipes
D:6:      layout_rooms, okawaru_gym_becter, mainiacjoe_overflow_small_starburst,
          kennysheep_mini_moat, nicolae_shop_i_like_big_books
D:7:      nicolae_BIG_FREAKIN_CUBE, layout_basic, hex_medium
D:8:      layout_loops_corners
D:9:      layout_small_grid, nicolae_ru_great_annihilating_truth, nicolae_titane
D:10:     layout_long_grid, david_lair_generic
D:11:     layout_loops_ring, uniq_snorg, uniq_grum
D:12:     layout_stronghold, david_orc_2, enter_trove_6
Temple:   nicolae_temple_little_seven
Lair:1:   layout_cellular_growth, minivault_23
Lair:2:   layout_misc_corridors, swamp_mist, nicolae_snake_entry_squirm,
          nicolae_quartered_pool_medium, infiniplex_staircase_pool
Lair:3:   layout_hall_layers, serial_bayou_pond_c, st_stairs_11
Lair:4:   layout_regular_city, minmay_slime_entry_pillars, serial_bayou_pond_d,
          chequers_serial_rivers_marsh, serial_bayou_lagoon_a,
          serial_bayou_shore_b, grunt_megastairs_5
Lair:5:   grunt_lair_end_beastmaster, layout_long_grid, ebering_ghost_xom
Orc:1:    layout_caves, serial_shops, shop_statue,
          nicolae_volcano_entry_two_sided

Skill      XL: |  1  2  3  4  5  6  7  8  9 10 11 12 13 14 |
---------------+-------------------------------------------+-----
Short Blades   | 3 4 5 7 9 10 | 10.0
Dodging        | 3 4 5 8 9 10 12 | 12.7
Fighting       | 3 5 7 9 10 11 12 | 12.3
Throwing       | 3 4 5 |  5.1
Stealth        | 6 7 8 10 12 13 15 17 | 17.6
Invocations    | 1 3 5 8 10 | 10.0
Necromancy     | 2 5 |  5.5

Action                     |  1- 3 |  4- 6 |  7- 9 | 10-12 | 13-15 || total
---------------------------+-------+-------+-------+-------+-------++-------
  Melee: Dagger            |    28 |   143 |   496 |   727 |   377 ||  1771
         Punch             |       |     1 |     6 |    10 |     9 ||    26
  Throw: Dart              |       |    23 |    27 |    17 |     2 ||    69
 Invoke: Stomp             |       |       |     2 |     9 |       ||    11
         Line Pass         |       |       |     2 |       |       ||     2
         Grand Finale      |       |       |       |       |     3 ||     3
    Use: Scroll            |     1 |     4 |    13 |     3 |     5 ||    26
         Potion            |       |       |     1 |     6 |     2 ||     9
   Stab: Sleeping          |    16 |    14 |    34 |    68 |    45 ||   177
         Distracted        |       |       |     5 |     3 |     4 ||    12
         Paralysed         |       |       |     9 |    46 |    28 ||    83
         Confused          |       |       |     1 |       |       ||     1
 Armour: Robe              |       |    17 |    63 |    62 |    35 ||   177
         Skin              |       |       |       |     7 |       ||     7
  Dodge: Dodged            |     5 |    77 |   240 |   448 |   274 ||  1044

Table legend: (Time is in decaauts)
 A = Elapsed time spent in this place.
 B = Non-inter-level travel time spent in this place.
 C = Inter-level travel time spent in this place.
 D = Time resting spent in this place.
 E = Time spent auto-exploring this place.
 F = Levels seen in this place.
 G = Mean time per level.
                   A        B        C        D        E       F      G
               +--------+--------+--------+--------+--------+-----+--------+
         Total |  18098 |  17448 |    650 |    338 |  14450 |  21 |  861.8 |
       Dungeon |  12818 |  12243 |    575 |    332 |   9974 |  12 | 1068.2 |
        Temple |     46 |     46 |      0 |      0 |     33 |   1 |   46.0 |
          Lair |   4614 |   4540 |     74 |      0 |   4064 |   5 |  922.8 |
  Orcish Mines |      4 |      4 |      0 |      0 |      0 |   1 |    4.0 |
         Sewer |    184 |    184 |      0 |      0 |    140 |   1 |  184.0 |
       Ossuary |    430 |    430 |      0 |      6 |    239 |   1 |  430.0 |
               +--------+--------+--------+--------+--------+-----+--------+

Top non-repeatable levels by time:
     D:5: 1573 daAuts
  Lair:1: 1507 daAuts
    D:12: 1451 daAuts
     D:7: 1183 daAuts
     D:9: 1158 daAuts
     D:8: 1136 daAuts
  Lair:4: 1125 daAuts
    D:10: 1112 daAuts
  Lair:3: 1076 daAuts
     D:4: 1034 daAuts
     D:3: 987 daAuts
     D:2: 940 daAuts
    D:11: 924 daAuts
  Lair:2: 820 daAuts
     D:6: 736 daAuts
